Pick #1

Connor Bedard
Pick #2

Leo Carlsson
Pick #3

Adam Fantilli
Pick #4

Matvei Michkov
Pick #5

David Reinbacher
Pick #6

William Smith
Pick #7

Zachary Benson
Pick #8

Ryan Leonard
Pick #9

Gabriel Perreault
Pick #10

Axel Sandin-Pellika
Pick #11

Daniil But
Pick #12

Dalibor Dvorsky
Pick #13

Quentin Musty
Pick #14

Brayden Yager
Pick #15

Dmitry Simashev
Pick #16

Colby Barlow
Pick #17

Andrew Cristall
Pick #18

Easton Cowan
Pick #19

Jacob Fowler
Pick #20

Oliver Moore
Pick #21

Oliver Bonk
Pick #22

Tom Willander
Pick #23

Calum Ritchie
Pick #24

Tanner Molendyk
Pick #25

Gavin Brindley
Pick #26

Nate Danielson
Pick #27

Pick #28

Pick #29

Pick #30

Pick #31

Pick #32

Pick #33

Pick #34

Pick #35

Pick #36

Pick #37

Pick #38

Pick #39

Pick #40

Pick #41

Pick #42

Pick #43

Pick #44

Pick #45

Pick #46

Pick #47

Pick #48

Pick #49

Pick #50

Pick #51

Pick #52

Pick #53

Pick #54

Pick #55

Pick #56

Pick #57

Pick #58

Pick #59

Pick #60

Pick #61

Pick #62

Pick #63

Pick #64

Pick #65

Pick #66

Pick #67

Pick #68

Pick #69

Pick #70

Pick #71

Pick #72

Pick #73

Pick #74

Pick #75

Pick #76

Pick #77

Pick #78

Pick #79

Pick #80

Pick #81

Pick #82

Pick #83

Pick #84

Pick #85

Pick #86

Pick #87

Pick #88

Pick #89

Pick #90

Pick #91

Pick #92

Pick #93

Pick #94

Pick #95

Pick #96

Pick #97

Pick #98

Pick #99

Pick #100

Pick #101

Pick #102

Pick #103

Pick #104

Pick #105

Pick #106

Pick #107

Pick #108

Pick #109

Pick #110

Pick #111

Pick #112

Pick #113

Pick #114

Pick #115

Pick #116

Pick #117

Pick #118

Pick #119

Pick #120

Pick #121

Pick #122

Pick #123

Pick #124

Pick #125

Pick #126

Pick #127

Pick #128

Pick #129

Pick #130

Full Scoreboard »»

Canadiens vs Ducks

Created - February 14, 2024 at 22:22

Goals
1 2 3 T
Canadiens 2 0 1 3
Ducks 2 0 2 4
Shots
1 2 3 T
Canadiens 11 8 7 26
Ducks 7 4 10 21

GoalsPenalties
1st period
1. Canadiens , Ryan O'Reilly 14 (Valeri Nichushkin 28) at 6:03
2. Ducks , Patrick Kane 16 (Adam Fox 38) at 9:35
3. Canadiens , Filip Forsberg 23 (Artturi Lehkonen 8, Leon Draisaitl 20) at 16:09
4. Ducks , Adrian Kempe 17 (Adam Fox 39, Patrick Kane 18) at 18:49 (PP)
Lars Eller (MTL) for Holding (Minor) at 18:41
2nd period
No Goal
Moritz Seider (ANA) for Hooking (Minor) at 1:28
Pierre-Luc Dubois (ANA) for Tripping (Minor) at 12:36
3rd period
5. Canadiens , Brendan Gallagher 3 (Anthony Mantha 11, Pierre-Olivier Joseph 6) at 3:28
6. Ducks , Adrian Kempe 18 (Tyson Barrie 19, Joe Pavelski 18) at 8:55
7. Ducks , Claude Giroux 14 (Adam Fox 40) at 15:28
Pierre-Olivier Joseph (MTL) for High sticking (Minor) at 5:01
Jaccob Slavin (MTL) for Tripping (Minor) at 11:10
Goalie Stats
Kaapo Kahkonen (MTL), 17 saves from 21 shots - (0.810), L, 18-6-8, 59:16 minutes
Frederik Andersen (ANA), 23 saves from 26 shots - (0.885), W, 30-20-3, 60:00 minutes
3 StarsOfficial
1 - Adrian Kempe (ANA)
2 - Adam Fox (ANA)
3 - Patrick Kane (ANA)
Referees : Mike Sheehan and Graham Skilliter
Linesman : Jim Harper and Steve Miller
Game Note
Teuvo Teravainen is injured at 1:38 of 1st period (Right Foot)
Finance
Level 1 -- Attendance: 6437 (99.03%) -- Ticket Income $708,070
Level 2 -- Attendance: 4637 (92.74%) -- Ticket Income $347,775
Level 3 -- Attendance: 2600 (100.00%) -- Ticket Income $145,600
Level 4 -- Attendance: 2074 (100.00%) -- Ticket Income $82,960
Luxury Box -- Attendance: 902 (90.20%) -- Ticket Income $179,498
Game was played at the Honda Center.
Total Attendance: 16650 (96.95%)
Total Ticket Income: $1,463,903
Other Income: $365,976
Total Income: $1,829,879



Team Name Goals Shots Shots Attemp Shots Blocked PIM HIT PP PK FO%
Canadiens 3265846240 / 2 (0%)151%
Ducks 42146104221 / 3 (33%)049%

Canadiens
Player Name POS G A P +/- PIM HIT SHT SB MP PP MP PP SHT PK MP PK SHT FO% FOT
Alex GoligoskiD0002000018:251:4802:2300% 0
Alexander KerfootC000-1011120:172:1202:43033% 6
Anthony ManthaRW0111003012:450:0000:0000% 0
Artturi LehkonenLW0110003018:142:5401:0800% 0
Brendan GallagherRW1011022012:450:0000:0000% 1
Brendan GaunceC0001021012:450:0000:00033% 9
Daniel SprongRW000-1010012:160:0000:0000% 2
Filip ForsbergLW1010005024:011:4600:0000% 4
Ivan ProvorovD000-3030224:542:1002:2200% 0
Jaccob SlavinD000-3210023:352:1001:0400% 0
Lars EllerC000-1210013:230:0001:08050% 12
Leon DraisaitlC0110032017:122:5420:00065% 23
Pierre-Olivier JosephD0112220114:210:0000:3900% 0
Ryan O'ReillyC1010006015:271:0400:27075% 16
Ryan SuterD0001030021:231:4801:4400% 0
Teuvo TeravainenLW000000000:150:0000:0000% 0
Trevor van RiemsdykD0001050017:200:0000:0000% 0
Valeri NichushkinRW0110003016:331:0402:46040% 5
Ducks
Player Name POS G A P +/- PIM HIT SHT SB MP PP MP PP SHT PK MP PK SHT FO% FOT
Adam FoxD0332012126:282:0102:2300% 0
Adrian KempeRW2020046021:062:0123:1100% 0
Brayden McNabbD000-1040113:450:0000:0000% 0
Claude GirouxRW101-1013018:382:0500:000100% 1
Jason RobertsonLW0000021015:540:0000:00050% 2
Joe PavelskiC0110000126:232:0102:52041% 37
Mats ZuccarelloRW000000105:530:0000:000100% 2
Michael AmadioRW000000000:000:0000:0000% 0
Moritz SeiderD000-1210019:202:0501:0900% 0
Nikolaj EhlersLW0001000113:360:0000:0000% 0
Patrick KaneRW1121011016:132:0100:1900% 0
Phillip DanaultC000-1002019:252:0500:47068% 19
Pierre-Luc DuboisLW000022105:350:0000:0000% 2
Rasmus DahlinD0002031226:282:0112:2300% 0
Ryan McDonaghD000-1001314:110:0000:2600% 0
Travis BoydC0001010113:360:0000:00040% 15
Tyson BarrieD011-1010019:472:0501:3500% 0
Zach HymanLW000-1012019:422:0500:4700% 0



Play-by-Play

1st period


0:01 of 1st period - Leon Draisaitl wins face-off versus Joe Pavelski in neutral zone.
0:06 of 1st period - Shot by Adrian Kempe.
0:06 of 1st period - Stopped by Kaapo Kahkonen with a rebound.
0:08 of 1st period - Shot by Adam Fox.
0:08 of 1st period - Stopped by Kaapo Kahkonen without a rebound.
0:09 of 1st period - Ryan O'Reilly wins face-off versus Phillip Danault in Canadiens zone.
0:09 of 1st period - Ryan O'Reilly is hit by Zach Hyman.
0:23 of 1st period - Shot by Zach Hyman.
0:23 of 1st period - Shot Misses the Net.
1:32 of 1st period - Icing by Rasmus Dahlin.
1:33 of 1st period - Leon Draisaitl wins face-off versus Joe Pavelski in Ducks zone.
1:37 of 1st period - Teuvo Teravainen is hit by Rasmus Dahlin and loses puck.
1:38 of 1st period - Teuvo Teravainen from Canadiens is injured at 1:38 of 1st period (Right Foot).
1:39 of 1st period - Travis Boyd wins face-off versus Brendan Gaunce in Ducks zone.
1:39 of 1st period - Travis Boyd is hit by Brendan Gaunce.
2:11 of 1st period - Nikolaj Ehlers is hit by Pierre-Olivier Joseph and loses puck.
2:19 of 1st period - Nikolaj Ehlers is hit by Trevor van Riemsdyk and loses puck.
2:53 of 1st period - Shot by Leon Draisaitl.
2:53 of 1st period - Shot Hit the Post.
2:55 of 1st period - Shot by Ivan Provorov.
2:55 of 1st period - Shot Blocked by Joe Pavelski.
2:57 of 1st period - Shot by Artturi Lehkonen.
2:57 of 1st period - Stopped by Frederik Andersen without a rebound.
2:58 of 1st period - Phillip Danault wins face-off versus Lars Eller in Ducks zone.
3:09 of 1st period - Shot by Zach Hyman.
3:09 of 1st period - Shot Misses the Net.
3:11 of 1st period - Shot by Phillip Danault.
3:11 of 1st period - Stopped by Kaapo Kahkonen without a rebound.
3:12 of 1st period - Joe Pavelski wins face-off versus Filip Forsberg in Canadiens zone.
3:30 of 1st period - Artturi Lehkonen is hit by Rasmus Dahlin and loses puck.
4:24 of 1st period - Zach Hyman is hit by Trevor van Riemsdyk and loses puck.
4:32 of 1st period - Claude Giroux is hit by Ryan Suter and loses puck.
4:35 of 1st period - Shot by Moritz Seider.
4:35 of 1st period - Shot Blocked by Alexander Kerfoot.
6:03 of 1st period - Shot by Ryan O'Reilly.
6:03 of 1st period - Goal by Ryan O'Reilly - Canadiens : 1 - Ducks : 0.
6:04 of 1st period - Joe Pavelski wins face-off versus Leon Draisaitl in neutral zone.
6:33 of 1st period - Shot by Artturi Lehkonen.
6:33 of 1st period - Stopped by Frederik Andersen without a rebound.
6:34 of 1st period - Lars Eller wins face-off versus Travis Boyd in Ducks zone.
8:03 of 1st period - Shot by Adam Fox.
8:03 of 1st period - Stopped by Kaapo Kahkonen without a rebound.
8:04 of 1st period - Joe Pavelski wins face-off versus Brendan Gaunce in Canadiens zone.
9:35 of 1st period - Shot by Patrick Kane.
9:35 of 1st period - Goal by Patrick Kane - Canadiens : 1 - Ducks : 1.
9:36 of 1st period - Ryan O'Reilly wins face-off versus Phillip Danault in neutral zone.
9:44 of 1st period - Valeri Nichushkin is hit by Brayden McNabb.
10:19 of 1st period - Filip Forsberg is hit by Brayden McNabb and loses puck.
11:23 of 1st period - Icing by Brendan Gallagher.
11:24 of 1st period - Jason Robertson wins face-off versus Brendan Gaunce in Canadiens zone.
11:29 of 1st period - Shot by Adrian Kempe.
11:29 of 1st period - Stopped by Kaapo Kahkonen without a rebound.
11:30 of 1st period - Ryan O'Reilly wins face-off versus Joe Pavelski in Canadiens zone.
11:30 of 1st period - Ryan O'Reilly is hit by Adrian Kempe.
11:42 of 1st period - Shot by Filip Forsberg.
11:42 of 1st period - Stopped by Frederik Andersen without a rebound.
11:43 of 1st period - Leon Draisaitl wins face-off versus Travis Boyd in Ducks zone.
11:54 of 1st period - Leon Draisaitl is hit by Patrick Kane and loses puck.
12:21 of 1st period - Icing by Alex Goligoski.
12:22 of 1st period - Leon Draisaitl wins face-off versus Jason Robertson in Canadiens zone.
12:24 of 1st period - Icing by Artturi Lehkonen.
12:25 of 1st period - Leon Draisaitl wins face-off versus Joe Pavelski in Canadiens zone.
12:25 of 1st period - Leon Draisaitl is hit by Adrian Kempe.
12:35 of 1st period - Shot by Filip Forsberg.
12:35 of 1st period - Stopped by Frederik Andersen without a rebound.
12:36 of 1st period - Lars Eller wins face-off versus Joe Pavelski in Ducks zone.
13:03 of 1st period - Rasmus Dahlin is hit by Ivan Provorov and loses puck.
13:32 of 1st period - Icing by Ivan Provorov.
13:33 of 1st period - Lars Eller wins face-off versus Travis Boyd in Canadiens zone.
13:33 of 1st period - Jaccob Slavin is hit by Travis Boyd and loses puck.
13:45 of 1st period - Icing by Moritz Seider.
13:46 of 1st period - Travis Boyd wins face-off versus Ryan O'Reilly in Ducks zone.
13:55 of 1st period - Shot by Valeri Nichushkin.
13:55 of 1st period - Shot Misses the Net.
14:02 of 1st period - Valeri Nichushkin is hit by Tyson Barrie and loses puck.
14:09 of 1st period - Shot by Ryan O'Reilly.
14:09 of 1st period - Stopped by Frederik Andersen with a rebound.
14:11 of 1st period - Shot by Ryan O'Reilly.
14:11 of 1st period - Stopped by Frederik Andersen without a rebound.
14:12 of 1st period - Leon Draisaitl wins face-off versus Phillip Danault in Ducks zone.
14:14 of 1st period - Artturi Lehkonen is hit by Adam Fox and loses puck.
14:38 of 1st period - Icing by Rasmus Dahlin.
14:39 of 1st period - Phillip Danault wins face-off versus Brendan Gaunce in Ducks zone.
16:00 of 1st period - Filip Forsberg is hit by Brayden McNabb and loses puck.
16:03 of 1st period - Shot by Artturi Lehkonen.
16:03 of 1st period - Shot Blocked by Ryan McDonagh.
16:05 of 1st period - Shot by Artturi Lehkonen.
16:05 of 1st period - Stopped by Frederik Andersen with a rebound.
16:09 of 1st period - Shot by Filip Forsberg.
16:09 of 1st period - Goal by Filip Forsberg - Canadiens : 2 - Ducks : 1.
16:10 of 1st period - Lars Eller wins face-off versus Travis Boyd in neutral zone.
16:43 of 1st period - Shot by Daniel Sprong.
16:43 of 1st period - Deflect By Alexander Kerfoot.
16:43 of 1st period - Stopped by Frederik Andersen without a rebound.
16:44 of 1st period - Mats Zuccarello wins face-off versus Leon Draisaitl in Ducks zone.
16:46 of 1st period - Icing by Rasmus Dahlin.
16:47 of 1st period - Ryan O'Reilly wins face-off versus Pierre-Luc Dubois in Ducks zone.
16:48 of 1st period - Shot by Valeri Nichushkin.
16:48 of 1st period - Stopped by Frederik Andersen without a rebound.
16:49 of 1st period - Ryan O'Reilly wins face-off versus Joe Pavelski in Ducks zone.
16:58 of 1st period - Shot by Valeri Nichushkin.
16:58 of 1st period - Shot Misses the Net.
17:37 of 1st period - Off-side.
17:38 of 1st period - Phillip Danault wins face-off versus Filip Forsberg in neutral zone.
17:47 of 1st period - Shot by Claude Giroux.
17:47 of 1st period - Shot Misses the Net.
18:41 of 1st period - Minor Penalty to Lars Eller for Holding.
18:42 of 1st period - Joe Pavelski wins face-off versus Alexander Kerfoot in Canadiens zone.
18:49 of 1st period - Shot by Adrian Kempe.
18:49 of 1st period - Goal by Adrian Kempe - Canadiens : 2 - Ducks : 2.
18:50 of 1st period - Brendan Gaunce wins face-off versus Joe Pavelski in neutral zone.
18:50 of 1st period - Brendan Gaunce is hit by Jason Robertson.
19:26 of 1st period - Jason Robertson is hit by Trevor van Riemsdyk and loses puck.
19:36 of 1st period - Jason Robertson is hit by Trevor van Riemsdyk and loses puck.
Goals for this period are 2 for Canadiens vs 2 for Ducks.
Shots for this period are 11 for Canadiens vs 7 for Ducks.

2nd period


0:01 of 2nd period - Valeri Nichushkin wins face-off versus Joe Pavelski in neutral zone.
0:17 of 2nd period - Shot by Jason Robertson.
0:17 of 2nd period - Stopped by Kaapo Kahkonen without a rebound.
0:18 of 2nd period - Lars Eller wins face-off versus Travis Boyd in Canadiens zone.
0:22 of 2nd period - Off-side.
0:23 of 2nd period - Valeri Nichushkin wins face-off versus Joe Pavelski in neutral zone.
0:36 of 2nd period - Shot by Filip Forsberg.
0:36 of 2nd period - Shot Misses the Net.
0:49 of 2nd period - Icing by Jaccob Slavin.
0:50 of 2nd period - Phillip Danault wins face-off versus Ryan O'Reilly in Canadiens zone.
0:50 of 2nd period - Claude Giroux is hit by Ivan Provorov and loses puck.
1:17 of 2nd period - Shot by Claude Giroux.
1:17 of 2nd period - Shot Misses the Net.
1:28 of 2nd period - Minor Penalty to Moritz Seider for Hooking.
1:29 of 2nd period - Leon Draisaitl wins face-off versus Joe Pavelski in Ducks zone.
1:30 of 2nd period - Shot by Artturi Lehkonen.
1:30 of 2nd period - Deflect By Leon Draisaitl.
1:30 of 2nd period - Stopped by Frederik Andersen without a rebound.
1:31 of 2nd period - Leon Draisaitl wins face-off versus Joe Pavelski in Ducks zone.
1:49 of 2nd period - Icing by Artturi Lehkonen.
1:50 of 2nd period - Leon Draisaitl wins face-off versus Joe Pavelski in Canadiens zone.
2:02 of 2nd period - Shot by Leon Draisaitl.
2:02 of 2nd period - Deflect By Filip Forsberg.
2:02 of 2nd period - Shot Misses the Net.
2:04 of 2nd period - Shot by Leon Draisaitl.
2:04 of 2nd period - Shot Misses the Net.
2:06 of 2nd period - Shot by Leon Draisaitl.
2:06 of 2nd period - Shot Blocked by Adam Fox.
2:10 of 2nd period - Shot by Leon Draisaitl.
2:10 of 2nd period - Shot Misses the Net.
2:12 of 2nd period - Shot by Leon Draisaitl.
2:12 of 2nd period - Stopped by Frederik Andersen without a rebound.
2:13 of 2nd period - Joe Pavelski wins face-off versus Leon Draisaitl in Ducks zone.
2:19 of 2nd period - Icing by Ivan Provorov.
2:20 of 2nd period - Joe Pavelski wins face-off versus Leon Draisaitl in Canadiens zone.
2:31 of 2nd period - Ivan Provorov is hit by Adrian Kempe and loses puck.
2:41 of 2nd period - Icing by Alexander Kerfoot.
2:42 of 2nd period - Leon Draisaitl wins face-off versus Joe Pavelski in Canadiens zone.
3:27 of 2nd period - Shot by Valeri Nichushkin.
3:27 of 2nd period - Shot Blocked by Rasmus Dahlin.
4:08 of 2nd period - Off-side.
4:09 of 2nd period - Phillip Danault wins face-off versus Ryan O'Reilly in neutral zone.
4:32 of 2nd period - Shot by Valeri Nichushkin.
4:32 of 2nd period - Stopped by Frederik Andersen without a rebound.
4:33 of 2nd period - Mats Zuccarello wins face-off versus Daniel Sprong in Ducks zone.
6:18 of 2nd period - Off-side.
6:19 of 2nd period - Leon Draisaitl wins face-off versus Travis Boyd in neutral zone.
6:45 of 2nd period - Shot by Patrick Kane.
6:45 of 2nd period - Shot Misses the Net.
6:47 of 2nd period - Shot by Travis Boyd.
6:47 of 2nd period - Shot Blocked by Pierre-Olivier Joseph.
6:49 of 2nd period - Shot by Rasmus Dahlin.
6:49 of 2nd period - Shot Misses the Net.
7:28 of 2nd period - Shot by Joe Pavelski.
7:28 of 2nd period - Shot Misses the Net.
7:36 of 2nd period - Shot by Joe Pavelski.
7:36 of 2nd period - Shot Misses the Net.
7:59 of 2nd period - Ivan Provorov is hit by Brayden McNabb and loses puck.
8:04 of 2nd period - Shot by Daniel Sprong.
8:04 of 2nd period - Shot Misses the Net.
8:06 of 2nd period - Shot by Daniel Sprong.
8:06 of 2nd period - Shot Blocked by Brayden McNabb.
8:13 of 2nd period - Icing by Ryan McDonagh.
8:14 of 2nd period - Joe Pavelski wins face-off versus Brendan Gaunce in Ducks zone.
8:35 of 2nd period - Alex Goligoski is hit by Claude Giroux.
8:43 of 2nd period - Shot by Brendan Gaunce.
8:43 of 2nd period - Stopped by Frederik Andersen without a rebound.
8:44 of 2nd period - Ryan O'Reilly wins face-off versus Travis Boyd in Ducks zone.
9:05 of 2nd period - Shot by Ryan O'Reilly.
9:05 of 2nd period - Shot Misses the Net.
9:07 of 2nd period - Shot by Artturi Lehkonen.
9:07 of 2nd period - Shot Misses the Net.
9:49 of 2nd period - Shot by Phillip Danault.
9:49 of 2nd period - Shot Misses the Net.
9:51 of 2nd period - Shot by Zach Hyman.
9:51 of 2nd period - Stopped by Kaapo Kahkonen with a rebound.
11:34 of 2nd period - Off-side.
11:35 of 2nd period - Ryan O'Reilly wins face-off versus Travis Boyd in neutral zone.
11:50 of 2nd period - Shot by Valeri Nichushkin.
11:50 of 2nd period - Stopped by Frederik Andersen without a rebound.
11:51 of 2nd period - Joe Pavelski wins face-off versus Filip Forsberg in Ducks zone.
12:14 of 2nd period - Shot by Mats Zuccarello.
12:14 of 2nd period - Stopped by Kaapo Kahkonen with a rebound.
12:23 of 2nd period - Icing by Pierre-Luc Dubois.
12:24 of 2nd period - Joe Pavelski wins face-off versus Lars Eller in Ducks zone.
12:29 of 2nd period - Rasmus Dahlin is hit by Alexander Kerfoot.
12:36 of 2nd period - Minor Penalty to Pierre-Luc Dubois for Tripping.
12:37 of 2nd period - Joe Pavelski wins face-off versus Valeri Nichushkin in Ducks zone.
14:00 of 2nd period - Icing by Alexander Kerfoot.
14:01 of 2nd period - Joe Pavelski wins face-off versus Leon Draisaitl in Canadiens zone.
14:58 of 2nd period - Off-side.
14:59 of 2nd period - Phillip Danault wins face-off versus Ryan O'Reilly in neutral zone.
15:16 of 2nd period - Shot by Zach Hyman.
15:16 of 2nd period - Shot Misses the Net.
15:18 of 2nd period - Shot by Zach Hyman.
15:18 of 2nd period - Deflect By Phillip Danault.
15:18 of 2nd period - Shot Misses the Net.
15:20 of 2nd period - Shot by Claude Giroux.
15:20 of 2nd period - Stopped by Kaapo Kahkonen without a rebound.
15:21 of 2nd period - Travis Boyd wins face-off versus Brendan Gaunce in Canadiens zone.
15:58 of 2nd period - Shot by Brendan Gallagher.
15:58 of 2nd period - Stopped by Frederik Andersen without a rebound.
15:59 of 2nd period - Joe Pavelski wins face-off versus Filip Forsberg in Ducks zone.
17:08 of 2nd period - Tyson Barrie is hit by Leon Draisaitl and loses puck.
17:34 of 2nd period - Phillip Danault is hit by Ryan Suter and loses puck.
18:37 of 2nd period - Shot by Brendan Gallagher.
18:37 of 2nd period - Shot Blocked by Ryan McDonagh.
18:39 of 2nd period - Shot by Pierre-Olivier Joseph.
18:39 of 2nd period - Shot Misses the Net.
18:41 of 2nd period - Shot by Brendan Gaunce.
18:41 of 2nd period - Shot Blocked by Travis Boyd.
18:43 of 2nd period - Shot by Brendan Gaunce.
18:43 of 2nd period - Shot Blocked by Nikolaj Ehlers.
18:45 of 2nd period - Shot by Brendan Gaunce.
18:45 of 2nd period - Shot Misses the Net.
18:47 of 2nd period - Shot by Pierre-Olivier Joseph.
18:47 of 2nd period - Shot Misses the Net.
18:49 of 2nd period - Shot by Brendan Gallagher.
18:49 of 2nd period - Shot Misses the Net.
18:51 of 2nd period - Shot by Pierre-Olivier Joseph.
18:51 of 2nd period - Shot Misses the Net.
18:53 of 2nd period - Shot by Anthony Mantha.
18:53 of 2nd period - Stopped by Frederik Andersen without a rebound.
18:54 of 2nd period - Ryan O'Reilly wins face-off versus Joe Pavelski in Ducks zone.
19:38 of 2nd period - Icing by Valeri Nichushkin.
19:39 of 2nd period - Phillip Danault wins face-off versus Valeri Nichushkin in Canadiens zone.
19:39 of 2nd period - Phillip Danault is hit by Jaccob Slavin.
19:49 of 2nd period - Shot by Filip Forsberg.
19:49 of 2nd period - Stopped by Frederik Andersen without a rebound.
19:50 of 2nd period - Claude Giroux wins face-off versus Brendan Gallagher in Ducks zone.
19:50 of 2nd period - Claude Giroux is hit by Brendan Gallagher.
19:59 of 2nd period - Moritz Seider is hit by Brendan Gaunce and loses puck.
Goals for this period are 0 for Canadiens vs 0 for Ducks.
Shots for this period are 8 for Canadiens vs 4 for Ducks.

3rd period


0:01 of 3rd period - Ryan O'Reilly wins face-off versus Joe Pavelski in neutral zone.
0:04 of 3rd period - Shot by Ryan O'Reilly.
0:04 of 3rd period - Shot Misses the Net.
0:18 of 3rd period - Shot by Ryan O'Reilly.
0:18 of 3rd period - Stopped by Frederik Andersen without a rebound.
0:19 of 3rd period - Phillip Danault wins face-off versus Leon Draisaitl in Ducks zone.
0:19 of 3rd period - Phillip Danault is hit by Leon Draisaitl.
0:31 of 3rd period - Shot by Zach Hyman.
0:31 of 3rd period - Shot Misses the Net.
1:03 of 3rd period - Phillip Danault is hit by Leon Draisaitl and loses puck.
1:58 of 3rd period - Rasmus Dahlin is hit by Lars Eller.
2:20 of 3rd period - Icing by Jaccob Slavin.
2:21 of 3rd period - Travis Boyd wins face-off versus Daniel Sprong in Canadiens zone.
3:26 of 3rd period - Shot by Brendan Gallagher.
3:26 of 3rd period - Shot Misses the Net.
3:28 of 3rd period - Shot by Brendan Gallagher.
3:28 of 3rd period - Goal by Brendan Gallagher - Canadiens : 3 - Ducks : 2.
3:29 of 3rd period - Ryan O'Reilly wins face-off versus Pierre-Luc Dubois in neutral zone.
3:29 of 3rd period - Ryan O'Reilly is hit by Pierre-Luc Dubois.
3:57 of 3rd period - Shot by Ryan O'Reilly.
3:57 of 3rd period - Stopped by Frederik Andersen with a rebound.
4:19 of 3rd period - Icing by Rasmus Dahlin.
4:20 of 3rd period - Leon Draisaitl wins face-off versus Joe Pavelski in Ducks zone.
4:26 of 3rd period - Off-side.
4:27 of 3rd period - Lars Eller wins face-off versus Phillip Danault in neutral zone.
4:58 of 3rd period - Off-side.
4:59 of 3rd period - Travis Boyd wins face-off versus Leon Draisaitl in neutral zone.
5:01 of 3rd period - Minor Penalty to Pierre-Olivier Joseph for High sticking.
5:02 of 3rd period - Joe Pavelski wins face-off versus Alexander Kerfoot in Canadiens zone.
5:33 of 3rd period - Shot by Adrian Kempe.
5:33 of 3rd period - Stopped by Kaapo Kahkonen without a rebound.
5:34 of 3rd period - Alexander Kerfoot wins face-off versus Phillip Danault in Canadiens zone.
6:04 of 3rd period - Icing by Zach Hyman.
6:05 of 3rd period - Phillip Danault wins face-off versus Alexander Kerfoot in Ducks zone.
7:10 of 3rd period - Icing by Brendan Gaunce.
7:11 of 3rd period - Brendan Gaunce wins face-off versus Joe Pavelski in Canadiens zone.
7:11 of 3rd period - Trevor van Riemsdyk is hit by Pierre-Luc Dubois and loses puck.
7:35 of 3rd period - Shot by Pierre-Luc Dubois.
7:35 of 3rd period - Stopped by Kaapo Kahkonen without a rebound.
7:36 of 3rd period - Travis Boyd wins face-off versus Leon Draisaitl in Canadiens zone.
7:39 of 3rd period - Shot by Nikolaj Ehlers.
7:39 of 3rd period - Shot Blocked by Ivan Provorov.
7:41 of 3rd period - Shot by Adam Fox.
7:41 of 3rd period - Shot Misses the Net.
8:33 of 3rd period - Jaccob Slavin is hit by Jason Robertson and loses puck.
8:42 of 3rd period - Jaccob Slavin is hit by Adrian Kempe and loses puck.
8:55 of 3rd period - Shot by Adrian Kempe.
8:55 of 3rd period - Goal by Adrian Kempe - Canadiens : 3 - Ducks : 3.
8:56 of 3rd period - Phillip Danault wins face-off versus Lars Eller in neutral zone.
9:00 of 3rd period - Claude Giroux is hit by Ryan Suter and loses puck.
9:03 of 3rd period - Shot by Ryan McDonagh.
9:03 of 3rd period - Stopped by Kaapo Kahkonen without a rebound.
9:04 of 3rd period - Phillip Danault wins face-off versus Lars Eller in Canadiens zone.
9:19 of 3rd period - Phillip Danault is hit by Daniel Sprong and loses puck.
9:34 of 3rd period - Shot by Lars Eller.
9:34 of 3rd period - Deflect By Daniel Sprong.
9:34 of 3rd period - Shot Misses the Net.
9:36 of 3rd period - Shot by Alexander Kerfoot.
9:36 of 3rd period - Shot Misses the Net.
10:24 of 3rd period - Shot by Anthony Mantha.
10:24 of 3rd period - Deflect By Brendan Gallagher.
10:24 of 3rd period - Shot Misses the Net.
11:06 of 3rd period - Patrick Kane is hit by Ivan Provorov and loses puck.
11:10 of 3rd period - Minor Penalty to Jaccob Slavin for Tripping.
11:11 of 3rd period - Alexander Kerfoot wins face-off versus Phillip Danault in Canadiens zone.
12:17 of 3rd period - Shot by Rasmus Dahlin.
12:17 of 3rd period - Stopped by Kaapo Kahkonen without a rebound.
12:18 of 3rd period - Joe Pavelski wins face-off versus Alexander Kerfoot in Canadiens zone.
13:37 of 3rd period - Shot by Anthony Mantha.
13:37 of 3rd period - Stopped by Frederik Andersen without a rebound.
13:38 of 3rd period - Leon Draisaitl wins face-off versus Joe Pavelski in Ducks zone.
13:38 of 3rd period - Leon Draisaitl is hit by Moritz Seider.
13:54 of 3rd period - Shot by Filip Forsberg.
13:54 of 3rd period - Stopped by Frederik Andersen without a rebound.
13:55 of 3rd period - Phillip Danault wins face-off versus Lars Eller in Ducks zone.
14:02 of 3rd period - Shot by Zach Hyman.
14:02 of 3rd period - Shot Misses the Net.
14:12 of 3rd period - Off-side.
14:13 of 3rd period - Ryan O'Reilly wins face-off versus Joe Pavelski in neutral zone.
14:32 of 3rd period - Shot by Filip Forsberg.
14:32 of 3rd period - Shot Misses the Net.
14:44 of 3rd period - Shot by Adrian Kempe.
14:44 of 3rd period - Shot Misses the Net.
14:52 of 3rd period - Shot by Ryan O'Reilly.
14:52 of 3rd period - Stopped by Frederik Andersen with a rebound.
15:08 of 3rd period - Shot by Adam Fox.
15:08 of 3rd period - Shot Misses the Net.
15:10 of 3rd period - Shot by Phillip Danault.
15:10 of 3rd period - Stopped by Kaapo Kahkonen with a rebound.
15:12 of 3rd period - Shot by Zach Hyman.
15:12 of 3rd period - Shot Misses the Net.
15:14 of 3rd period - Shot by Rasmus Dahlin.
15:14 of 3rd period - Shot Blocked by Ivan Provorov.
15:28 of 3rd period - Shot by Claude Giroux.
15:28 of 3rd period - Goal by Claude Giroux - Canadiens : 3 - Ducks : 4.
15:29 of 3rd period - Leon Draisaitl wins face-off versus Travis Boyd in neutral zone.
15:55 of 3rd period - Shot by Artturi Lehkonen.
15:55 of 3rd period - Shot Blocked by Ryan McDonagh.
16:14 of 3rd period - Shot by Artturi Lehkonen.
16:14 of 3rd period - Shot Misses the Net.
16:23 of 3rd period - Nikolaj Ehlers is hit by Pierre-Olivier Joseph and loses puck.
16:40 of 3rd period - Shot by Anthony Mantha.
16:40 of 3rd period - Stopped by Frederik Andersen without a rebound.
16:41 of 3rd period - Joe Pavelski wins face-off versus Lars Eller in Ducks zone.
17:10 of 3rd period - Shot by Adrian Kempe.
17:10 of 3rd period - Stopped by Kaapo Kahkonen with a rebound.
17:18 of 3rd period - Shot by Jason Robertson.
17:18 of 3rd period - Deflect By Adrian Kempe.
17:18 of 3rd period - Shot Misses the Net.
17:47 of 3rd period - Phillip Danault is hit by Trevor van Riemsdyk and loses puck.
17:54 of 3rd period - Shot by Claude Giroux.
17:54 of 3rd period - Stopped by Kaapo Kahkonen without a rebound.
17:55 of 3rd period - Ryan O'Reilly wins face-off versus Joe Pavelski in Canadiens zone.
17:59 of 3rd period - Off-side.
18:00 of 3rd period - Phillip Danault wins face-off versus Valeri Nichushkin in neutral zone.
18:13 of 3rd period - Shot by Claude Giroux.
18:13 of 3rd period - Shot Misses the Net.
18:25 of 3rd period - Shot by Phillip Danault.
18:25 of 3rd period - Shot Misses the Net.
18:27 of 3rd period - Shot by Brayden McNabb.
18:27 of 3rd period - Shot Misses the Net.
18:29 of 3rd period - Shot by Zach Hyman.
18:29 of 3rd period - Stopped by Kaapo Kahkonen without a rebound.
18:30 of 3rd period - Leon Draisaitl wins face-off versus Joe Pavelski in Canadiens zone.
18:37 of 3rd period - Shot by Filip Forsberg.
18:37 of 3rd period - Shot Blocked by Rasmus Dahlin.
18:42 of 3rd period - Icing by Adam Fox.
18:43 of 3rd period - Brendan Gaunce wins face-off versus Joe Pavelski in Ducks zone.
18:43 of 3rd period - Brendan Gaunce is hit by Rasmus Dahlin.
19:16 of 3rd period - Canadiens, Kaapo Kahkonen is pulled from the net.
19:48 of 3rd period - Zach Hyman is hit by Brendan Gallagher and loses puck.
Goals for this period are 1 for Canadiens vs 2 for Ducks.
Shots for this period are 7 for Canadiens vs 10 for Ducks.